 Dungeon Crawl Stone Soup version 0.21.1-1-g345015f (webtiles) character file.

1691 chorionicmirror the Skirmisher (level 8, -6/65 HPs)
             Began as a Demonspawn Berserker on June 23, 2018.
             Was a Priest of Trog.
             Mangled by a sun demon (13 damage)
             ... summoned by a kobold demonologist
             ... on level 6 of the Dungeon.
             The game lasted 00:20:22 (5192 turns).

chorionicmirror the Skirmisher (DsBe)               Turns: 5192, Time: 00:20:26

Health: -6/65      AC: 12    Str: 19    XL:     8   Next: 72%
Magic:  8/8        EV:  6    Int:  9    God:    Trog [***...]
Gold:   316        SH:  9    Dex: 13    Spells: 7/7 levels left

rFire    . . .     SeeInvis +   a - +1 falchion
rCold    + . .     Gourm    .   h - +0 shield
rNeg     . . .     Faith    .   d - +1 chain mail
rPois    .         Spirit   .   r - +0 helmet
rElec    .         Reflect  .   (no cloak)
rCorr    .         Harm     .   (no gloves)
MR       .....                  (no boots)
Stlth    ..........             (no amulet)
HPRegen  0.20/turn              u - ring of see invisible
MPRegen  0.11/turn              (no ring)

@: vulnerable, very slightly contaminated, invisible, very slow
A: hooves 2, cold resistance 1, powered by pain 2
a: Berserk, Trog's Hand, Burn Spellbooks, Renounce Religion


You were on level 6 of the Dungeon.
You worshipped Trog.
Trog was most pleased with you.
You were not hungry.

You visited 1 branch of the dungeon, and saw 6 of its levels.

You collected 316 gold pieces.

Inventory:

Hand Weapons
 a - a +1 falchion (weapon)
Missiles
 q - 11 tomahawks (quivered)
Armour
 d - a +1 chain mail (worn)
 h - a +0 shield (worn)
 r - a +0 helmet (worn)
 v - a +0 robe of fire resistance
Jewellery
 m - a +3 ring of slaying {unknown}
 u - a ring of see invisible (left hand)
Wands
 f - a wand of flame (37)
 x - a wand of clouds (7)
Scrolls
 b - 5 scrolls of remove curse
 e - a scroll of fear
 l - 3 scrolls of magic mapping
Potions
 g - 2 potions of heal wounds
 i - 2 potions of brilliance
 j - 2 potions of lignification
 k - a potion of might
 n - 3 potions of curing
 o - a potion of flight
 s - a potion of mutation {unknown}
Comestibles
 c - 6 rations


   Skills:
 + Level 6.6 Fighting
 + Level 6.1 Long Blades
 - Level 5.0 Armour
 - Level 2.0 Dodging
 * Level 4.3 Shields


You had 7 spell levels left.
You didn't know any spells.

Dungeon Overview and Level Annotations

Branches:
Dungeon (6/15)             Temple (0/1) D:5

Altars:
Ashenzari
Elyvilon
Fedhas
Qazlal
Ru
Vehumet
Wu Jian

Shops:
D:4 %%

Annotations:
D:6 1 transporter


Innate Abilities, Weirdness & Mutations

You have hoof-like feet.
Your flesh is cold resistant. (rC+)
You sometimes gain power by taking damage.


Message History

You enter the shallow water.
Moving in this stuff is going to be slow. ...and don't expect to remain undetected.
The shadow imp grinds its teeth.
The kobold demonologist mumbles some strange words.
The kobold demonologist looks satisfied for a moment.
The shadow imp gestures at you. Pain shoots through your body!
You block the sun demon's attack.
The orc priest grunts to no one in particular.
The orc priest invokes the aid of Beogh against you.
Beogh smites you!
The kobold demonologist looks satisfied for a moment.
The sun demon hits you!
You are engulfed in flames!
The orc priest miscasts a cantrip.
The kobold demonologist gestures wildly while chanting.
The shadow imp gestures at you. Pain shoots through your body!
The sun demon hits you!!
* * * LOW HITPOINT WARNING * * *
You are engulfed in flames!
You die...

##.## ###......####.#
#.########..........##
##.##.................#.# #
#.....###############.#.#
......###.#8P#..o.o5.#P8#.#.#
...... ##.#P.#≈≈≈≈≈≈≈#.P#(#.#####
###(#.##..#$(#..≈≈≈..#..#........
........©#©.+..≈⌠≈..'.©#©..##
###.##.#..#$(#..@3≈4.#..#..##
#.##.##.#P.#≈≈≈≈≈≈≈#.P#.##
#.......#8≈#..55KoK#P8#.#
##......###############.#
#......................#
#.....#.......##########
#.....#.####..# #?....#.# #..#
#######.# ...#


You could see a sun demon, a hellwing, 2 kobold demonologists, 3 orc priests and
3 shadow imps.

Vanquished Creatures
  The ghost of sking99 the Ruffian, an amateur DrTm of Fedhas (D:4)
  2 sky beasts (D:5)
  Purgy (D:3)
  3 ogres
  2 centaurs (D:5)
  3 bullfrogs (D:6)
  A scorpion (D:6)
  A water moccasin skeleton (D:5)
  2 crimson imps (D:6)
  A bullfrog zombie (D:6)
  2 hounds
  2 orc wizards (D:6)
  Crazy Yiuf (D:2)
  A jelly (D:5)
  An iguana (D:5)
  A worker ant (D:6)
  11 gnolls
  4 adders
  A shadow imp (D:6)
  2 worms
  2 dart slugs
  3 leopard geckos
  17 orcs
  4 giant cockroaches
  8 goblins
  10 hobgoblins
  6 jackals
  6 kobolds
  5 quokkas
  A ball python skeleton (D:4)
  6 bats
  5 frilled lizards (D:3)
  A leopard gecko zombie (D:6)
  A quokka skeleton (D:5)
  7 rats
125 creatures vanquished.

Notes
Turn   | Place    | Note
-------+----------+-------------------------------------------
     0 | D:1      | chorionicmirror the Demonspawn Berserker began the quest for the Orb.
     0 | D:1      | Reached XP level 1. HP: 18/18 MP: 1/1
   120 | D:1      | Gained mutation: Your flesh is cold resistant. (rC+) [demonic ancestry]
   120 | D:1      | Reached XP level 2. HP: 24/24 MP: 2/2
   695 | D:1      | Gained mutation: You have large cloven feet. [demonic ancestry]
   695 | D:1      | Reached XP level 3. HP: 27/29 MP: 3/3
   744 | D:2      | Reached ** piety under Trog
   782 | D:2      | Found a sacrificial altar of Ru.
   825 | D:2      | Found a blossoming altar of Fedhas.
   845 | D:2      | Gained mutation: You have hoof-like feet. [demonic ancestry]
   845 | D:2      | Reached XP level 4. HP: 37/37 MP: 4/4
  1201 | D:2      | Found a runed door.
  1218 | D:2      | Noticed Crazy Yiuf
  1221 | D:2      | Killed Crazy Yiuf
  1551 | D:3      | Noticed Purgy
  1560 | D:3      | Reached XP level 5. HP: 35/42 MP: 5/5
  1574 | D:3      | Killed Purgy
  1586 | D:3      | Gained mutation: You sometimes gain a little power by taking damage. [demonic ancestry]
  1586 | D:3      | Reached XP level 6. HP: 9/49 MP: 6/6
  2682 | D:4      | Noticed sking99's ghost (amateur DrTm)
  2697 | D:4      | Killed sking99's ghost
  2697 | D:4      | Reached skill level 5 in Fighting
  2771 | D:4      | Reached XP level 7. HP: 53/56 MP: 7/7
  2823 | D:4      | Reached *** piety under Trog
  2991 | D:4      | Found Jinurrai's Food Shop.
  2992 | D:4      | Found Joockiwn's Food Boutique.
  3693 | D:5      | Entered Level 5 of the Dungeon
  3693 | D:5      | Found a stormy altar of Qazlal.
  3693 | D:5      | Noticed a water elemental
  3700 | D:5      | Reached skill level 5 in Long Blades
  3805 | D:5      | Found a staircase to the Ecumenical Temple.
  3865 | D:5      | Reached skill level 1 in Shields
  4297 | D:5      | Gained mutation: You sometimes gain power by taking damage. [demonic ancestry]
  4297 | D:5      | Reached XP level 8. HP: 61/64 MP: 8/8
  4449 | D:5      | Noticed an air elemental
  4510 | D:5      | Found a shattered altar of Ashenzari.
  4668 | D:6      | Reached skill level 5 in Armour
  4695 | D:6      | Found a radiant altar of Vehumet.
  4698 | D:6      | Found an ornate altar of the Wu Jian Council.
  5112 | D:6      | Found a white marble altar of Elyvilon.
  5141 | D:6      | Found a transporter.
  5143 | D:6      | Noticed a kobold demonologist
  5153 | D:6      | Noticed a kobold demonologist
  5161 | D:6      | Found a transporter.
  5191 | D:6      | Noticed a sun demon
  5192 | D:6      | Mangled by a sun demon

Skill      XL: |  1  2  3  4  5  6  7  8 |
---------------+-------------------------+-----
Long Blades    | 3 4 5 6 |  6.1
Armour         | 2 3 4 5 |  5.0
Dodging        | 2 |  2.0
Fighting       | 4 5 6 |  6.6
Shields        | 2 4 |  4.3

Action                   |  1- 3 |  4- 6 |  7- 9 || total
-------------------------+-------+-------+-------++-------
Melee: Falchion          |    96 |   140 |   196 ||   432
       Kick              |     3 |    44 |    69 ||   116
Throw: Tomahawk          |       |     9 |     4 ||    13
Invok: Berserk           |     1 |     3 |     1 ||     5
       Trog's Hand       |     1 |     3 |     2 ||     6
  Use: Scroll            |       |    13 |     5 ||    18
       Potion            |       |       |     1 ||     1
  Eat: Chunk             |       |     5 |     6 ||    11
       Ration            |       |     2 |     1 ||     3
Armor: Chain mail        |    49 |    96 |   101 ||   246
Dodge: Dodged            |    33 |    93 |    52 ||   178
Block: Shield            |       |       |    79 ||    79
       Rpst.: Falchion   |    13 |    23 |    18 ||    54
